 Dungeon Crawl Stone Soup version 0.28.0 (webtiles) character file.

Game seed: 7308717129585202288

6244 browni3141 the Cleaver (level 10, -3/94 HPs)
             Began as a Minotaur Berserker on Feb 16, 2022.
             Was an Elder of Trog.
             Slain by a death knight (12 damage)
             ... on level 9 of the Dungeon.
             The game lasted 00:05:26 (9834 turns).

browni3141 the Cleaver (Minotaur Berserker)         Turns: 9834, Time: 00:05:26

Health: -3/94      AC: 20    Str: 26    XL:     10   Next: 62%
Magic:  9/9        EV: 11    Int:  4    God:    Trog [****..]
Gold:   460        SH:  9    Dex: 10    Spells: 9/9 levels left

rFire   . . .      SeeInvis .   K - +2 war axe (vorpal)
rCold   . . .      Faith    .   C - +0 kite shield
rNeg    . . .      Spirit   .   A - +0 plate armour
rPois   .          Reflect  .   (helmet restricted)
rElec   .          Harm     .   q - +0 cloak {Will+}
rCorr   .          Rampage  .   (no gloves)
Will    +++..                   (no boots)
Stlth   ..........              (no amulet)
HPRegen 1.25/turn               z - +4 ring of protection
MPRegen 0.11/turn               t - +4 ring of evasion

@: strong-willed, on berserk cooldown, regenerating, slowed, very slow
A: horns 2, retaliatory headbutt
a: Renounce Religion, Berserk, Trog's Hand, Brothers in Arms


You were on level 9 of the Dungeon.
You worshipped Trog.
Trog was greatly pleased with you.
You visited 1 branch of the dungeon, and saw 9 of its levels.

You collected 460 gold pieces.

Inventory:

Hand Weapons
 a - a +0 hand axe
 k - a +0 war axe
 K - a +2 vorpal war axe (weapon)
Missiles
 O - a throwing net (quivered)
Armour
 b - a +0 animal skin
 q - a +0 cloak of willpower (worn)
 v - a +0 chain mail
 A - a +0 plate armour (worn)
 C - a +0 kite shield (worn)
Jewellery
 j - a ring of willpower
 t - a +4 ring of evasion (right hand)
 z - a +4 ring of protection (left hand)
 L - a ring of fire
Wands
 B - a wand of paralysis (10)
 D - a wand of charming (3)
 G - a wand of mindburst (13)
 N - a wand of acid (3)
Scrolls
 c - 3 scrolls of identify {unknown}
 e - 3 scrolls of magic mapping {unknown}
 h - a scroll of torment {unknown}
 p - a scroll of amnesia {unknown}
 r - a scroll of summoning {unknown}
 s - 3 scrolls of teleportation {unknown}
 u - a scroll of enchant weapon {unknown}
 w - 5 scrolls of enchant armour {unknown}
 y - 2 scrolls of noise {unknown}
 E - a scroll of blinking {unknown}
 F - a scroll of vulnerability {unknown}
 I - a scroll of brand weapon {unknown}
 J - a scroll of fog {unknown}
Potions
 d - 2 potions of berserk rage {unknown}
 f - 2 potions of might {unknown}
 g - a potion of degeneration {unknown}
 i - 5 potions of curing
 l - a potion of resistance {unknown}
 m - 2 potions of attraction {unknown}
 n - 3 potions of lignification {unknown}
 o - 3 potions of brilliance {unknown}
 x - 2 potions of heal wounds {unknown}
 H - a potion of magic {unknown}
 M - 2 potions of mutation {unknown}


   Skills:
 + Level 10.9 Fighting
 + Level 10.9 Axes
 + Level 10.5 Armour
 - Level 2.1 Dodging
 * Level 7.5 Shields


You had 9 spell levels left.
You didn't know any spells.
Your spell library was empty.

Dungeon Overview and Level Annotations

Branches:
Dungeon (9/15)             Temple (0/1) D:5
   Lair: D:8-11         Orc: D:9-12

Altars:
Vehumet
Xom


Innate Abilities, Weirdness & Mutations

You have a pair of horns on your head.
You reflexively headbutt those who attack you in melee.


Message History

You hit the death knight.
The death knight is heavily wounded.
You slash the orc zombie!
You destroy the orc zombie!
Trog accepts your kill.
The death knight reflects your damage back at you!
The death knight closely misses you.
You slash the death knight! Your headbutt misses the death knight.
The death knight is heavily wounded.
The death knight reflects your damage back at you!
* * * LOW HITPOINT WARNING * * *
The death knight invokes the aid of Yredelemnul against you.
Your body is wracked with pain!
* * * LOW HITPOINT WARNING * * *
A hobgoblin zombie comes into view.
You are too injured to fight recklessly!
Unknown command.
Okay, then.
You feel a strong urge to attack something.
You feel your anger nearly subside.
You are no longer berserk.
You are exhausted.
You feel yourself slow down.
Your ogre goes berserk!
Trog will no longer gift you weapons.
The death knight's dark mirror aura disappears.
The death knight hits you with a +2 morningstar!
* * * LOW HITPOINT WARNING * * *
Your ogre closely misses the death knight.
Unknown command.
The two-headed ogre hits your ogre with a +0 giant club!!
The two-headed ogre hits your ogre with a +0 giant club!
Your ogre hits the two-headed ogre with a +0 giant club!!
Unknown command.
Your skin crawls.
You feel strong-willed.
Your ogre hits the two-headed ogre with a +0 giant club!!
The two-headed ogre dies!
Trog accepts your kill.
The death knight hits you with a +2 morningstar!
You die...

.......<#.###..#.#
#########. #..#.#
###'# #....# .....
#.#..#
.....##.#).#####.
..................
#........>#######
#..........#
#........@.#
#........p.#
#........O.####
#.......)##......
#.######.##Z#####
#. #....# . ##.O.#
#.#.# #Z#Z#


You could see a death knight, an ogre zombie and a friendly ogre (summoned,
berserk).

Vanquished Creatures
  Harold (D:9)
  Maggie (D:9)
  Prince Ribbit (D:9)
  Grinder (D:6)
  Sigmund (D:3)
  2 wyverns
  6 yaks (D:8)
  Eustachio (D:6)
  Menkaure (D:7)
  2 water moccasins
  Duvessa (D:4)
  A sky beast (D:7)
  4 orc warriors
  3 ogres
  3 centaurs
  A phantom (D:5)
  3 bullfrogs
  2 gnoll sergeants
  A wyvern zombie (D:7)
  Dowan (D:4)
  11 killer bees
  3 wights (D:9)
  3 centaur zombies
  Crazy Yiuf (D:3)
  A bullfrog zombie (D:5)
  2 hounds
  2 orc priests
  2 jellies
  Jessica (D:3)
  2 centaur skeletons
  2 iguanas (D:5)
  6 orc wizards
  Terence (D:2)
  An ogre zombie (D:9)
  A hound zombie (D:5)
  A hound skeleton (D:5)
  Robin (D:2)
  10 gnolls
  5 adders
  A white imp (D:7)
  2 ufetubi (D:4)
  2 worms
  4 dart slugs
  39 orcs
  5 endoplasms
  5 giant cockroaches
  14 goblins
  7 hobgoblins
  10 kobolds
  4 quokkas
  10 ball pythons
  4 bats
  3 frilled lizards
  2 goblin zombies (D:9)
  5 orc zombies (D:9)
  11 rats
221 creatures vanquished.

Vanquished Creatures (collateral kills)
  A two-headed ogre (D:9)
1 creature vanquished.

Vanquished Creatures (others)
  26 plants
26 creatures vanquished.

Grand Total: 248 creatures vanquished

Notes
Turn   | Place    | Note
-------+----------+-------------------------------------------
     0 | D:1      | browni3141 the Minotaur Berserker began the quest for the
                  | Orb.
     0 | D:1      | Reached XP level 1. HP: 19/19 MP: 0/0
   351 | D:1      | Reached XP level 2. HP: 27/27 MP: 1/1
   939 | D:2      | Reached ** piety under Trog
  1063 | D:2      | Found a shimmering altar of Xom.
  1148 | D:2      | Reached XP level 3. HP: 29/33 MP: 2/2
  1383 | D:2      | Found a faded altar of an unknown god.
  1492 | D:2      | Noticed Robin
  1503 | D:2      | Killed Robin
  1505 | D:2      | Reached XP level 4. HP: 28/41 MP: 3/3
  1838 | D:2      | Noticed Terence
  1844 | D:2      | Killed Terence
  1852 | D:2      | HP: 2/41 [poisoned by Terence]
  2254 | D:3      | Noticed Jessica
  2263 | D:3      | Killed Jessica
  2525 | D:3      | Reached skill level 5 in Fighting
  2525 | D:3      | Reached skill level 5 in Axes
  2525 | D:3      | Reached XP level 5. HP: 48/48 MP: 4/4
  2659 | D:3      | Found a runed translucent door.
  2660 | D:3      | Noticed Crazy Yiuf
  2675 | D:3      | Noticed Sigmund
  2677 | D:3      | Reached *** piety under Trog
  2760 | D:3      | Killed Sigmund
  2761 | D:3      | Reached skill level 5 in Armour
  2761 | D:3      | Reached XP level 6. HP: 34/57 MP: 5/5
  3289 | D:3      | Killed Crazy Yiuf
  3491 | D:4      | Noticed Dowan
  3492 | D:4      | Noticed Duvessa
  3508 | D:4      | Killed Duvessa
  3512 | D:4      | Killed Dowan
  3513 | D:4      | Reached XP level 7. HP: 20/64 MP: 6/6
  4389 | D:5      | Entered Level 5 of the Dungeon
  4451 | D:5      | Found a staircase to the Ecumenical Temple.
  5032 | D:5      | Reached XP level 8. HP: 42/73 MP: 7/7
  5710 | D:6      | Noticed Grinder
  5730 | D:6      | Killed Grinder
  5780 | D:6      | Noticed Eustachio
  5811 | D:6      | Killed Eustachio
  6057 | D:6      | Reached XP level 9. HP: 48/82 MP: 8/8
  6264 | D:6      | Reached **** piety under Trog
  7201 | D:7      | Reached skill level 1 in Shields
  7645 | D:7      | Noticed Menkaure
  7651 | D:7      | Killed Menkaure
  7941 | D:8      | Reached skill level 10 in Fighting
  7941 | D:8      | Reached skill level 10 in Axes
  8152 | D:8      | Reached skill level 5 in Shields
  8152 | D:8      | Reached XP level 10. HP: 60/93 MP: 9/9
  8525 | D:8      | Reached skill level 10 in Armour
  9374 | D:9      | Noticed Prince Ribbit
  9399 | D:9      | Killed Prince Ribbit
  9403 | D:9      | Found a radiant altar of Vehumet.
  9435 | D:9      | Noticed Maggie
  9446 | D:9      | Killed Maggie
  9601 | D:9      | Found Lyusurr's Weapon Shoppe.
  9657 | D:9      | Noticed Harold
  9673 | D:9      | Killed Harold
  9797 | D:9      | Reached ***** piety under Trog
  9812 | D:9      | Noticed a death knight
  9816 | D:9      | Noticed a two-headed ogre
  9834 | D:9      | Killed a two-headed ogre
  9834 | D:9      | Slain by a death knight

Illustrated notes

Levels and vault maps discovered:
D:1:      mainiacjoe_arrival_reflecting_pool, layout_loops_cross,
          minmay_octomino_j4
D:2:      layout_loops_cross, hellmonk_ecumenical_altar_slurped_away,
          basic_altar, uniq_terence, uniq_robin
D:3:      layout_loops_ring, serial_bayou, serial_bayou_crossing,
          serial_bayou_pond_a, serial_bayou_ford_a, serial_bayou_shore_b,
          serial_bayou_lake_a, uniq_crazy_yiuf_cottage, uniq_jessica,
          uniq_sigmund
D:4:      layout_gridville, uniq_duvessa
D:5:      layout_rooms, minmay_temple_entry_fiery, minmay_curled_crystal
D:6:      kennysheep_big_flooded_room, layout_cave_pods, uniq_grinder,
          uniq_eustachio
D:7:      layout_loops_corners, uniq_menkaure
D:8:      layout_basic
D:9:      layout_basic, mainiacjoe_overflow_alcove_1, zombieorc2_lemuel,
          serial_shops, kennysheep_little_box, grunt_decor_resistance,
          minmay_the_grid_2x2 [minmay_the_grid_garden, minmay_the_grid_mess,
          minmay_the_grid_slots, minmay_the_grid_prize_big_room], uniq_harold,
          uniq_prince_ribbit1, uniq_maggie

Skill      XL: |  1  2  3  4  5  6  7  8  9 10 |
---------------+-------------------------------+-----
Axes           | 4 5 6 7 9 10 | 10.9
Fighting       | 4 5 6 7 8 10 | 10.9
Armour         | 3 4 5 6 8 9 10 | 10.5
Shields        | 5 7 |  7.5
Dodging        | |  2.1

Action                   |  1- 3 |  4- 6 |  7- 9 | 10-12 || total
-------------------------+-------+-------+-------+-------++-------
Melee: Hand axe          |    55 |       |       |       ||    55
       Headbutt          |    12 |     7 |    45 |    17 ||    81
       War axe           |    10 |    72 |   253 |   112 ||   447
       Punch             |       |       |     6 |       ||     6
Invok: Berserk           |     1 |     4 |     6 |     4 ||    15
       Trog's Hand       |       |     2 |     1 |     1 ||     4
       Brothers in Arms  |       |       |       |     1 ||     1
 Stab: Sleeping          |     4 |       |       |       ||     4
Armor: Animal skin       |    11 |    10 |     8 |       ||    29
       Skin              |       |       |     1 |       ||     1
       Chain mail        |       |       |    64 |       ||    64
       Plate armour      |       |       |    67 |    40 ||   107
Dodge: Dodged            |    43 |    47 |   201 |    30 ||   321
Block: Kite shield       |       |       |    44 |    50 ||    94
